 Dungeon Crawl Stone Soup version 0.29-a0-340-g6efceafd81 (webtiles) character file.

Game seed: 2672144713752453116

4 spaghetti the Covered (level 1, 19/20 HPs)
             Began as a Deep Dwarf Fighter on Apr 19, 2022.
             Quit the game on level 1 of the Dungeon.
             The game lasted 00:00:20 (97 turns).

spaghetti the Covered (Deep Dwarf Fighter)            Turns: 97, Time: 00:00:20

Health: 19/20      AC:  6    Str: 19    XL:     1   Next: 50%
Magic:  1/1        EV:  9    Int:  8    God:
Gold:   0          SH:  4    Dex: 12    Spells: 0/0 levels left

rFire   . . .      SeeInvis .   a - +0 war axe {axe}
rCold   . . .      Faith    .   c - +0 buckler
rNeg    . . .      Spirit   .   b - +0 scale mail
rPois   .          Reflect  .   (no helmet)
rElec   .          Harm     .   (no cloak)
rCorr   .          Rampage  .   (no gloves)
Will    .....                   (no boots)
Stlth   ..........              (no amulet)
HPRegen 0.00/turn               (no ring)
MPRegen 0.07/turn               (no ring)

@: no status effects
A: damage resistance, heal wounds, sense surroundings 1, no regeneration
a: Heal Wounds


You were on level 1 of the Dungeon.
You visited 1 branch of the dungeon, and saw 1 of its levels.


Innate Abilities, Weirdness & Mutations

You are resistant to damage.
You can heal yourself by infusing magical energy.
You passively map a small area around you.
You do not regenerate.


   Skills:
 - Level 2.6 Fighting
 - Level 2.1 Axes
 + Level 3.6 Armour
 - Level 3.2 Shields


You couldn't memorise any spells.
You didn't know any spells.
Your spell library was empty.

Inventory:

Hand Weapons
 a - a +0 war axe (weapon) {axe}
Missiles
 e - 5 stones {throwing}
Armour
 b - a +0 scale mail (worn)
 c - a +0 buckler (worn)
Scrolls
 f - a scroll of noise {unknown}
Potions
 d - a potion of might

Dungeon Overview and Level Annotations

Branches:
Dungeon (1/15)

Altars:

, , , *, ...K... , ....[
* , ,..... , , , l.. ,,
########..,, ...
###........# *#r#
#...######## #.# ..###
###@######
...###########.........#
##.)...)...............#
#########...$..........#
** *#....###.....######
...#### #.....# ## *
#..!..# ......#
*.#..?..#


You could see a kobold (wandering), a frilled lizard and a rat.


Message History

🤖 Initializing magus.rc ...
Options error: Delay interrupt name "hungry" not recognised. (~/.crawlrc:4761) Options error: Bad monster_list_colour key: strict_neutral (~/.crawlrc:4776) ✅ Successfully initialized magus.rc [v1.9.6] Welcome, spaghetti the Deep Dwarf Fighter.
The Orb of Zot is coveted for many reasons.
Will you seize it for your own?
Press ? for a list of commands and other information.
Found a staircase leading out of the dungeon.
You open the gate.
There is an open gate here.
A kobold comes into view. It is wielding a +0 club.
The kobold shouts!
A rat comes into view.
There are monsters nearby!
There are monsters nearby!
The kobold throws a stone.
The stone hits you but does no damage.
You swing at nothing.
You closely miss the kobold. The kobold hits you with a +0 club.
You hit the kobold but do no damage.
The kobold hits you but does no damage. x2
You barely miss the kobold. The kobold hits you but does no damage.
You miss the kobold. You block the kobold's attack.
The kobold hits you but does no damage.
You closely miss the kobold. The kobold hits you but does no damage.
You hit the kobold.
You kill the kobold!
You closely miss the rat.
The rat bites you but does no damage. x2
You hit the rat.
You kill the rat!
You swing at nothing.
A goblin comes into view. It is wielding a +0 club.
A goblin is nearby!
The goblin shouts!
You swing at nothing.
You swing at nothing.
You swing at nothing.
You hit the goblin.
The goblin hits you with a +0 club. 😕 HP[-1]
You take 1 damage, and now have 19/20 hp.
You hit the goblin but do no damage. The goblin hits you with a +0 club.
The goblin closely misses you.
You closely miss the goblin. The goblin closely misses you.
You hit the goblin.
You kill the goblin!
You swing at nothing.
Things that are here:
a +0 club {mace}; a goblin corpse
e - 5 stones {throwing}
Things that are here:
a +0 club {mace}; a kobold corpse
f - a scroll labelled MAILYA NIOFOAPHI
Things that are here:
a +0 club {mace}; a kobold corpse
Things that are here:
a +0 club {mace}; a goblin corpse A bat comes into view.
You block the bat's attack.
You closely miss the bat. The bat barely misses you. The bat hits you.
You are too injured to fight recklessly!
The bat barely misses you. The bat hits you but does no damage.
You are too injured to fight recklessly!
The bat hits you but does no damage. The bat hits you but does no damage.
You hit the bat.
You kill the bat!
A rat comes into view.
Found a ring mail.
Found a stone staircase leading down.
A frilled lizard comes into view.
The frilled lizard hisses angrily.
A kobold comes into view. It is wielding a +0 dagger.
Are you sure you want to abandon this character and quit the game? (Confirm with "yes".)
Okay, then.
Unknown command.
Unknown command.
Are you sure you want to abandon this character and quit the game? (Confirm with "yes".)

Action                   || total
-------------------------++-------
Melee: War axe           ||    14
Armor: Scale mail        ||    11
Dodge: Dodged            ||     4
Block: Buckler           ||     2

Levels and vault maps discovered:
D:1:      wander_arrival_estate, layout_rooms,
          dreamdust_ecumenical_altar_statues

Notes
Turn   | Place    | Note
-------+----------+-------------------------------------------
     0 | D:1      | spaghetti the Deep Dwarf Fighter began the quest for the
                  | Orb.
     0 | D:1      | Reached XP level 1. HP: 20/20 MP: 1/1
     0 | D:1      | magus.rc [v1.9.6]
    97 | D:1      | Quit the game

Vanquished Creatures
  A bat (D:1)
  A goblin (D:1)
  A kobold (D:1)
  A rat (D:1)
4 creatures vanquished.

Table legend:
 A = Non-vault XP
 B = Vault XP
 C = Vault XP percentage of total XP
 D = Non-vault monster count
 E = Vault monster count
 F = Vault count percentage of total count
                 A         B        C        D         E       F
            +---------+---------+-------+---------+---------+-------
      Total |       6 |       0 |   0.0 |       4 |       0 |   0.0
            +---------+---------+-------+---------+---------+-------
        D:1 |       6 |       0 |   0.0 |       4 |       0 |   0.0
            +---------+---------+-------+---------+---------+-------

Illustrated notes

Table legend:
 A = Kills in this place as a percentage of kills in entire the game.
 B = Kills by you in this place as a percentage of kills by you in the entire game.
 C = Kills by friends in this place as a percentage of kills by friends in the entire game.
 D = Other kills in this place as a percentage of other kills in the entire game.
 E = Experience gained in this place as a percentage of experience gained in the entire game.
 F = Experience gained in this place divided by the number of levels of this place that you have seen.
                   A       B       C       D       E      F
               +-------+-------+-------+-------+-------+----------------------
         Total | 100.0 | 100.0 |   N/A |   N/A | 100.0 |   6.0
       Dungeon | 100.0 | 100.0 |   N/A |   N/A | 100.0 |   6.0
               +-------+-------+-------+-------+-------+----------------------

Table legend: (Time is in decaauts)
 A = Elapsed time spent in this place.
 B = Non-inter-level travel time spent in this place.
 C = Inter-level travel time spent in this place.
 D = Time resting spent in this place.
 E = Time spent auto-exploring this place.
 F = Levels seen in this place.
 G = Mean time per level.
                   A        B        C        D        E       F      G
               +--------+--------+--------+--------+--------+-----+--------+
         Total |    105 |    105 |      0 |      0 |     53 |   1 |  105.0 |
       Dungeon |    105 |    105 |      0 |      0 |     53 |   1 |  105.0 |
               +--------+--------+--------+--------+--------+-----+--------+

Top non-repeatable levels by time:
     D:1: 105 daAuts
